 Dungeon Sprint DCSS version 0.29-a0-330-g52719c12eb (webtiles) character file.

Game seed: 11049517240308234189

88 jt the Summoner (level 4, -6/18 HPs)
             Began as a Felid Summoner on May 13, 2022.
             Was an Initiate of Gozag.
             Mangled by a water moccasin (8 damage)
             ... in the Dungeon (Sprint II: "The Violet Keep of Menkaure").
             The game lasted 00:02:09 (120 turns).

jt the Summoner (Felid Summoner)                     Turns: 120, Time: 00:02:10

Health: -6/18      AC:  1    Str:  4    XL:     4   Next: 29%
Magic:  12/12      EV: 18    Int: 19    God:    Gozag
Gold:   0          SH:  0    Dex: 16    Spells: 1/14 levels left
                                        Lives:  0   Deaths: 1

rFire   . . .      SeeInvis +     - Unarmed
rCold   . . .      Faith    .   (shield unavailable)
rNeg    . . .      Spirit   .   (body armour unavailable)
rPois   .          Reflect  .   (helmet unavailable)
rElec   .          Harm     .   (cloak unavailable)
rCorr   .          Rampage  .   (gloves unavailable)
Will    .....      NoTele   +   (boots unavailable)
Stlth   ++........              (no amulet)
HPRegen 0.06/turn               (no ring)
MPRegen 0.13/turn               (no ring)

@: lethally poisoned (-6 -> -17), hasted, quick
A: very small, claws 1, fangs 3, see invisible, speed 1, shaggy fur 1, stealthy
paws, no weapons or thrown items, no armour, multi-lived
a: Renounce Religion, Potion Petition, Call Merchant, Bribe Branch


You were in the Dungeon.
You worshipped Gozag.
Gozag was noncommittal.
You visited 1 branch

Inventory:

Potions
 a - 2 potions of magic
 b - a potion of curing


   Skills:
 - Level 0.4 Fighting
 - Level 3.5 Dodging
 - Level 3.9 Stealth
 - Level 1.1 Unarmed Combat
 + Level 5.8 Spellcasting
 + Level 9.4 Summonings


You had one spell level left.
You knew the following spells:

 Your Spells              Type           Power      Damage    Failure   Level
a - Summon Small Mammal   Summ           100%       N/A       1%          1
b - Call Imp              Summ           41%        N/A       1%          2
c - Call Canine Familiar  Summ           41%        N/A       1%          3
d - Summon Guardian Gole  Hex/Summ       23%        N/A       4%          3
e - Summon Lightning Spi  Summ/Air       23%        N/A       16%         4

Your spell library contained the following spells:

 Spells                   Type           Power      Damage    Failure   Level


Dungeon Overview and Level Annotations

Branches:
Dungeon (1/1)

Altars:
Cheibriados
Dithmenos
Elyvilon
Fedhas
Gozag
Hepliaklqana
Kikubaaqudgha
Makhleb
Nemelex Xobeh
Okawaru
Qazlal
Ru
Sif Muna
Trog
Uskayaw
Vehumet
Wu Jian
Xom
Yredelemnul
Zin
The Shining One
Beogh
Jiyva
Lugonu

Shops:
D [[*!?!:([[

Annotations:
D exclusion: orange crystal statue, Menkaure


Innate Abilities, Weirdness & Mutations

You have sharp claws.
You have razor-sharp teeth.
You have supernaturally acute eyesight. (SInv)
You cover ground quickly. (Speed+)
You are covered in fur. (AC +1)
Your paws help you pounce on unaware monsters.
You are incapable of wielding weapons or throwing items.
You cannot wear armour.
You gain extra lives every three experience levels.


Message History

Your hound bites Menkaure.
Casting: Call Canine Familiar (safe; 1% risk of failure)
Confirm with . or Enter, or press ? or * to list all spells.
A beastly little devil appears in a puff of flame.
The water moccasin hisses angrily.
You aren't carrying any items that you can evoke.
Unknown command.
You feel much better.
Your hound bites Menkaure but does no damage.
Casting: Call Imp (safe; 1% risk of failure)
Confirm with . or Enter, or press ? or * to list all spells.
You don't have enough magic to cast this spell.
Press: ? - help, v - describe, . - travel
Here: Menkaure (moderately damaged, ally target)
The floor.
You aren't carrying any scrolls.
Unknown command.
Magic courses through your body.
You aren't carrying any scrolls.
You aren't carrying any scrolls.
The water moccasin bites you.
You are lethally poisoned!
The water moccasin poisons you!
Your hound bites Menkaure.
Your crimson imp barely misses Menkaure.
The water moccasin bites you.
You feel very sick.
Your hound bites Menkaure.
The water moccasin bites you.
* * * LOW HITPOINT WARNING * * *
Your crimson imp hits Menkaure but does no damage.
Unknown command.
* * * LOW HITPOINT WARNING * * *
You feel very sick.
The hell hog squeals angrily.
Your hound bites Menkaure but does no damage.
Your hound closely misses Menkaure.
Your crimson imp hits Menkaure.
The water moccasin misses you.
The water moccasin attacks as you move away!
The water moccasin bites you!
You die...
Your body crumbles into a pile of gold.

$ $ #≈## ≈§≈§≈
########≈≈#+++#+++##
#######≈≈5.hh.§.h..#
......#≈≈≈h.##+##..# $
..⌠...#≈≈≈M##.#$##.####
.∩.∩..#≈≈≈≈#.B #..h.#$
∩.∩.∩.#≈≈#### ###h.##
.∩.∩.∩#S## #+# ##c.#
....∩.#@# ##.## $#.5#
.....∩+≈+$ +†n.+ +..#
......#≈# ##.## #...
▓▓▓▓###≈# #'# #...
$######≈≈ .$. #≈≈.§ h
##≈ ..#..#≈§≈≈≈≈ $ $ +
##. .##≈≈≈≈≈§ $ ##
##≈≈≈§≈≈≈ ≈≈≈≈§§≈≈


You could see a hell hog, 2 polar bears, a water moccasin, Menkaure (ally
target), a friendly hound (summoned) and a friendly crimson imp (summoned).

Vanquished Creatures
  3 necrophages (D)
3 creatures vanquished.

Notes
Turn   | Place    | Note
-------+----------+-------------------------------------------
     0 | D        | jt the Felid Summoner began the quest for the Orb.
     0 | D        | Reached XP level 1. HP: 7/7 MP: 4/4
     1 | D        | Noticed a necrophage
     1 | D        | Noticed a necrophage
     1 | D        | Noticed a necrophage
     1 | D        | Noticed a necrophage
    14 | D        | Killed a necrophage
    15 | D        | Reached skill level 1 in Unarmed Combat
    15 | D        | Reached skill level 7 in Summonings
    15 | D        | Reached XP level 2. HP: 12/12 MP: 2/6
    15 | D        | Reached XP level 3. HP: 15/15 MP: 2/8
    19 | D        | Killed a necrophage
    20 | D        | Reached skill level 8 in Summonings
    20 | D        | Reached XP level 4. HP: 13/18 MP: 3/11
    26 | D        | Killed a necrophage
    27 | D        | Reached skill level 5 in Spellcasting
    27 | D        | Reached skill level 9 in Summonings
    27 | D        | Reached XP level 5. HP: 13/21 MP: 3/14
    28 | D        | Slain by a necrophage
    29 | D        | Reached XP level 4. HP: 0/17 MP: 4/12
    32 | D        | Found a glowing silver altar of Zin.
    37 | D        | Found a glowing golden altar of the Shining One.
    37 | D        | Found a basalt altar of Yredelemnul.
    37 | D        | Found a hide-covered altar of Uskayaw.
    38 | D        | Found a shimmering altar of Xom.
    38 | D        | Found a bloodstained altar of Trog.
    39 | D        | Found an ornate altar of the Wu Jian Council.
    39 | D        | Found a shimmering blue altar of Sif Muna.
    39 | D        | Found a corrupted altar of Lugonu.
    39 | D        | Found a radiant altar of Vehumet.
    39 | D        | Found a burning altar of Makhleb.
    40 | D        | Found a sacrificial altar of Ru.
    40 | D        | Found an ancient bone altar of Kikubaaqudgha.
    40 | D        | Found a white marble altar of Elyvilon.
    41 | D        | Found a stormy altar of Qazlal.
    41 | D        | Found a viscous altar of Jiyva.
    41 | D        | Found a shadowy altar of Dithmenos.
    42 | D        | Found a hazy altar of Hepliaklqana.
    42 | D        | Found a snail-covered altar of Cheibriados.
    44 | D        | Found a sparkling altar of Nemelex Xobeh.
    44 | D        | Found a blossoming altar of Fedhas.
    45 | D        | Found an opulent altar of Gozag.
    45 | D        | Found an iron altar of Okawaru.
    53 | D        | Became a worshipper of Gozag Ym Sagoz the Greedy
    57 | D        | Learned a level 2 spell: Call Imp
    61 | D        | Learned a level 3 spell: Call Canine Familiar
    65 | D        | Learned a level 3 spell: Summon Guardian Golem
    70 | D        | Learned a level 4 spell: Summon Lightning Spire
    77 | D        | Noticed a yaktaur
    77 | D        | Noticed a hornet
    77 | D        | Noticed a polar bear
    77 | D        | Noticed a polar bear
    79 | D        | Noticed a polar bear
   102 | D        | Noticed Menkaure
   106 | D        | Noticed a boulder beetle
   107 | D        | Noticed an orange crystal statue
   113 | D        | Found Hoem's Magic Scroll Shoppe.
   113 | D        | Found Riumi's Antique Armour Emporium.
   113 | D        | Found Qeisaloa's Book Emporium.
   113 | D        | Found Zacziur's Distillery.
   113 | D        | Found Inecwikh's Antique Armour Emporium.
   113 | D        | Found Uckaobb's Armour Shoppe.
   113 | D        | Found Myjam's Distillery.
   113 | D        | Found Avijiaph's General Store.
   113 | D        | Found Wadwur's Antique Weapon Shoppe.
   113 | D        | Found Bempuecw's Antique Armour Emporium.
   113 | D        | Noticed a water moccasin
   118 | D        | Noticed a hell hog
   119 | D        | Noticed a hell hog
   120 | D        | Mangled by a water moccasin

Illustrated notes

Levels and vault maps discovered:
D:        the_violet_keep_of_menkaure [sprint2_stairs_cluster_1,
          sprint2_shoproom, sprint2_temple, sprint2_basic_supplies,
          sprint2_obstacle_2, sprint2_obstacle_3, sprint2_obstacle_4,
          sprint2_obstacle_7, sprint2_obstacle_5, sprint2_timed_cluster_1,
          sprint2_smallroom_cluster_1, sprint2_smallroom_final_cluster_1,
          sprint2_transparent_cluster_1, sprint2_second_timed_cluster_1,
          sprint2_sniper_area_1, sprint2_heavy_combat_area_1,
          sprint2_mutation_trap_area_1, sprint2_forest_area_1,
          sprint2_light_combat_area_1, sprint2_behind_water_1,
          sprint2_near_end_vault_1]

Skill      XL: |  1  2  3  4 |
---------------+-------------+-----
Dodging        | 3 |  3.5
Stealth        | 3 |  3.9
Unarmed Combat | 1 |  1.1
Summonings     | 7 8 9 |  9.4
Spellcasting   | 4 5 |  5.8
Fighting       | |  0.4

Action                   |  1- 3 |  4- 6 || total
-------------------------+-------+-------++-------
Melee: Unarmed           |    13 |     9 ||    22
       Bite              |     1 |     1 ||     2
       Punch             |       |     1 ||     1
 Cast: Summon Small Mamm |     2 |     1 ||     3
       Call Canine Famil |       |     3 ||     3
       Call Imp          |       |     2 ||     2
  Use: Potion            |     1 |     3 ||     4
       Scroll            |       |     1 ||     1
Dodge: Dodged            |     4 |     7 ||    11

Table legend: (Time is in decaauts)
 A = Elapsed time spent in this place.
 B = Non-inter-level travel time spent in this place.
 C = Inter-level travel time spent in this place.
 D = Time resting spent in this place.
 E = Time spent auto-exploring this place.
 F = Levels seen in this place.
 G = Mean time per level.
                   A        B        C        D        E       F      G
               +--------+--------+--------+--------+--------+-----+--------+
         Total |     95 |     95 |      0 |      0 |      0 |   1 |   95.0 |
       Dungeon |     95 |     95 |      0 |      0 |      0 |   1 |   95.0 |
               +--------+--------+--------+--------+--------+-----+--------+

Top non-repeatable levels by time:
       D: 95 daAuts
